 Dungeon Crawl Stone Soup version 0.30.1 (webtiles) character file.

Game seed: 1690030827629568695

1283 Graphine the Carver (level 8, -7/67 HPs)
             Began as a Merfolk Gladiator on July 10, 2023.
             Mangled by a yak (14 damage)
             ... on level 6 of the Dungeon.
             The game lasted 00:08:58 (4998 turns).

Graphine the Carver (Merfolk Gladiator)             Turns: 4998, Time: 00:08:59

Health: -7/67      AC:  4    Str: 14    XL:     8   Next: 54%
Magic:  8/8        EV: 15    Int: 16    God:
Gold:   306        SH:  0    Dex: 21    Spells: 7/7 levels left

rFire   . . .        a - +0 long sword (venom)
rCold   . . .        (no shield)
rNeg    . . .        b - +0 leather armour
rPois   .            r - +0 helmet
rElec   .            (no cloak)
rCorr   .            (no gloves)
SInv    .            (no boots)
Will    .....        (no amulet)
Stlth   ++           h - +6 ring of intelligence
HPRegen 0.31/turn    g - +6 ring of dexterity
MPRegen 0.11/turn

%: no passive effects
@: no status effects
A: (nimble swimmer 2), mertail
a: no special abilities


You were on level 6 of the Dungeon.
You visited 1 branch of the dungeon, and saw 6 of its levels.

You collected 306 gold pieces.

Inventory:

Hand Weapons
 a - a +0 long sword of venom (weapon)
 u - a +2 dagger of speed
Missiles
 d - 3 throwing nets (quivered)
 e - a javelin
Armour
 b - a +0 leather armour (worn)
 c - a +0 helmet
 r - a +0 helmet (worn)
Jewellery
 g - a +6 ring of dexterity (right hand)
 h - a +6 ring of intelligence (left hand)
 o - an amulet of faith
 x - a ring of protection from fire
Wands
 q - a wand of digging (5)
 s - a wand of flame (49)
Scrolls
 k - a scroll of immolation
 n - a scroll of teleportation
 t - a scroll of identify
Potions
 i - a potion of brilliance {unknown}
 j - a potion of degeneration
 l - a potion of magic {unknown}
 m - 2 potions of curing
 p - a potion of flight {unknown}
 w - a potion of ambrosia {unknown}


   Skills:
 + Level 7.1 Fighting
 + Level 8.3 Long Blades
 - Level 2.0 Throwing
 - Level 3.0 Armour
 - Level 5.1 Dodging


You had 7 spell levels left.
You didn't know any spells.
Your spell library contained the following spells:

 Spells                   Type           Power      Damage    Failure   Level
 Apportation              Tloc           0%         N/A       30%         1
 Necrotise                Necr           0%         1d4       30%         1
 Summon Small Mammal      Summ           0%         N/A       30%         1
 Ozocubu's Armour         Ice            0%         N/A       67%         3
 Ozocubu's Refrigeration  Ice            0%         4d7       100%        7


Dungeon Overview and Level Annotations

Branches:
Dungeon (6/15)
 Temple: D:4-7

Altars:
Kikubaaqudgha
Makhleb
Okawaru
Yredelemnul

Shops:
D:3 [


Innate Abilities, Weirdness & Mutations

((You are very nimble when in or above water. (Stealth+, EV+, Speed+++)))
Your lower body shifts to a powerful aquatic tail in water.


Message History

You hit the yak but do no damage.
The yak is almost dead.
The yak barely misses you.
You closely miss the yak.
The yak is almost dead.
The yak misses you.
You hit the yak.
You kill the yak!
The orc priest casts a cantrip, but nothing happens.
Your Fighting skill increases to level 7!
Your Long Blades skill increases to level 8!
Aiming: Throw Flame
Press: ? - help, Shift-Dir - straight line, f - orc priest
Aim: an orc priest, wielding a +0 club (68% to hit)
The puff of flame hits the yak!
The yak is moderately wounded.
The yak misses you.
The orc priest invokes the aid of Beogh against you.
Beogh smites you!
Unknown command.
Aiming: Throw Flame
Press: ? - help, Shift-Dir - straight line, f/p - orc priest
Aim: an orc priest, wielding a +0 club (68% to hit)
The puff of flame hits the yak.
The yak is moderately wounded.
The yak misses you.
Unknown command.
Okay, then.
You hit the yak but do no damage.
The yak is moderately wounded.
The yak closely misses you.
You hit the yak.
The yak is poisoned.
The yak is heavily wounded.
The yak gores you!
* * * LOW HITPOINT WARNING * * *
A sky beast comes into view.
You hit the yak but do no damage.
The yak looks even sicker.
The yak is heavily wounded.
The yak gores you!
You die...

#### ##..# ## ##...#
###. #....# #..
####...## #.#
#..#....####@# .
##.........##Y# ###..
#.<####.....Yo##...#
#...# #...##ooo..###.
#.....#........#....#
#..#.......)....##..#
##.##...........## #.
####..##Y.......#
#............#


You could see 2 yaks, a sky beast, an orc priest and 3 orcs.

Vanquished Creatures
  3 yaks (D:6)
  Eustachio (D:5)
  An ogre (D:5)
  2 centaurs (D:5)
  A scorpion (D:5)
  3 hounds
  An orc priest (D:5)
  A jelly (D:5)
  3 iguanas
  3 orc wizards (D:5)
  3 adders
  A worm (D:4)
  4 dart slugs
  16 orcs
  7 ball pythons
  3 endoplasms
  2 giant cockroaches
  7 goblins
  8 hobgoblins
  2 jackals (D:3)
  5 kobolds
  2 quokkas
  8 bats
  2 frilled lizards (D:1)
  4 rats
93 creatures vanquished.

Notes
Turn   | Place    | Note
-------+----------+-------------------------------------------
     0 | D:1      | Graphine the Merfolk Gladiator began the quest for the Orb.
     0 | D:1      | Reached XP level 1. HP: 16/16 MP: 1/1
   150 | D:1      | Reached XP level 2. HP: 19/23 MP: 2/2
   383 | D:1      | Reached skill level 4 in Long Blades
   745 | D:2      | Reached XP level 3. HP: 28/28 MP: 3/3
   754 | D:2      | Found a faded altar of an unknown god.
  1545 | D:3      | Found Corph's Armour Emporium.
  1555 | D:3      | Reached XP level 4. HP: 35/35 MP: 4/4
  1595 | D:3      | Reached skill level 5 in Dodging
  2411 | D:4      | Found a burning altar of Makhleb.
  2426 | D:4      | Reached skill level 5 in Long Blades
  2426 | D:4      | Reached XP level 5. HP: 32/42 MP: 5/5
  2701 | D:4      | Found an iron altar of Okawaru.
  2716 | D:4      | Found an ancient bone altar of Kikubaaqudgha.
  2969 | D:5      | Entered Level 5 of the Dungeon
  2997 | D:5      | Reached skill level 1 in Armour
  3012 | D:5      | Reached XP level 6. HP: 17/48 MP: 6/6
  3442 | D:5      | Reached skill level 6 in Long Blades
  3489 | D:5      | Noticed Eustachio
  3676 | D:5      | HP: 2/50 [crimson imp[Eustachio] (1)]
  3689 | D:5      | Killed Eustachio
  3690 | D:5      | Reached skill level 5 in Fighting
  3690 | D:5      | Reached XP level 7. HP: 48/56 MP: 7/7
  3983 | D:5      | Found a basalt altar of Yredelemnul.
  4004 | D:5      | HP: 2/56 [orc/+0 flail (8)]
  4481 | D:5      | Reached skill level 7 in Long Blades
  4955 | D:6      | Noticed a yak
  4955 | D:6      | Noticed a yak
  4955 | D:6      | Noticed a yak
  4956 | D:6      | Noticed a yak
  4957 | D:6      | Noticed a yak
  4968 | D:6      | Reached XP level 8. HP: 58/64 MP: 8/8
  4974 | D:6      | Killed a yak
  4981 | D:6      | Killed a yak
  4993 | D:6      | Killed a yak
  4994 | D:6      | Reached skill level 8 in Long Blades
  4998 | D:6      | Mangled by a yak

Illustrated notes

Levels and vault maps discovered:
D:1:      pf_arrival_petrified_forest, layout_loops_ring, grunt_decor_junction
D:2:      layout_rooms, hellmonk_ecumenical_altar_blasted
D:3:      layout_basic, serial_shops, shop
D:4:      layout_gridville, makhleb_heckhound_becter, grunt_temple_overflow_open
D:5:      layout_basic, mainiacjoe_overflow_24_doors, nrook_pool_corridor,
          uniq_eustachio
D:6:      layout_cave_pools, mainiacjoe_overflow_catwalk, serial_shops,
          shop_statue, minmay_holes, nicolae_eternal_life, st_stairs_9,
          uniq_grinder

Skill      XL: |  1  2  3  4  5  6  7  8 |
---------------+-------------------------+-----
Long Blades    | 4 5 6 7 8 |  8.3
Fighting       | 3 4 5 6 7 |  7.1
Dodging        | 5 |  5.1
Armour         | 1 2 3 |  3.0
Throwing       | |  2.0

Action                     |  1- 3 |  4- 6 |  7- 9 || total
---------------------------+-------+-------+-------++-------
  Melee: Long sword        |   127 |   161 |    88 ||   376
         Punch             |       |     2 |       ||     2
         Tailslap          |       |       |     1 ||     1
  Throw: Javelin           |       |       |     1 ||     1
         Throwing net      |       |       |     1 ||     1
  Evoke: Wand              |       |       |     2 ||     2
    Use: Scroll            |     4 |     1 |     3 ||     8
         Potion            |       |     5 |     2 ||     7
   Stab: Sleeping          |       |     3 |       ||     3
         Held in net/web   |       |       |     2 ||     2
 Armour: Leather armour    |    39 |    44 |    17 ||   100
         Skin              |       |    32 |       ||    32
  Dodge: Dodged            |    95 |   158 |    61 ||   314
